 Dungeon Crawl Stone Soup version 0.27-a0-343-gfcad680f63 (webtiles) character file.

Game seed: 4136877984124534212

1447 lunkers the Geomancer (level 9, -4/57 HPs)
             Began as a Formicid Earth Elementalist on Feb 15, 2021.
             Was an Initiate of Ashenzari.
             Slain by a killer bee (8 damage)
             ... on level 6 of the Dungeon on Feb 16, 2021.
             The game lasted 00:06:49 (7693 turns).

lunkers the Geomancer (Formicid Earth Elementalist) Turns: 7693, Time: 00:06:49

Health: -4/57      AC:  2    Str: 13    XL:     9   Next: 4%
Magic:  16/18      EV: 12    Int: 18    God:    Ashenzari [......]
Gold:   202        SH:  0    Dex: 11    Spells: 5/20 levels left

rFire    . . .     SeeInvis +   t - +2 dagger (venom)
rCold    . . .     Faith    .   (no shield)
rNeg     . . .     Spirit   .   h - +0 robe {Will+} (curse)
rPois    .         Reflect  .   (helmet unavailable)
rElec    .         Harm     .   (no cloak)
rCorr    .         Rampage  .   (no gloves)
Will     +....                  (no boots)
Stlth    ++........             (no amulet)
HPRegen  0.19/turn              (no ring)
MPRegen  0.16/turn              (no ring)

@: lethally poisoned (-4 -> -10)
A: permanent stasis, dig shafts and tunnels, four strong arms, antennae 3
a: Dig, Shaft Self, Renounce Religion, Curse Item


You were on level 6 of the Dungeon.
You worshipped Ashenzari.
Ashenzari was noncommittal.
You visited 2 branches of the dungeon, and saw 8 of its levels.

You collected 202 gold pieces.

Inventory:

Hand Weapons
 t - a +2 dagger of venom (weapon)
 u - a +2 dagger of draining
Missiles
 b - 141 stones
 k - 61 poisoned darts
Armour
 h - a cursed +0 robe of willpower (worn)
Wands
 n - a wand of flame (32)
Scrolls
 d - a scroll of identify
 e - 5 scrolls of teleportation
 f - 2 scrolls of blinking
 g - 5 scrolls of magic mapping
 j - a scroll of enchant armour
 p - 2 scrolls of fog
 r - a scroll of immolation
Potions
 a - 7 potions of curing
 i - 3 potions of brilliance
 l - a potion of cancellation
 m - 2 potions of flight
 q - 2 potions of haste
 s - 2 potions of invisibility


   Skills:
 - Level 1.7 Dodging
 - Level 2.4 Stealth
 + Level 6.4 Spellcasting
 - Level 1.1 Transmutations
 * Level 10.8 Earth Magic


You had 5 spell levels left.
You knew the following spells:

 Your Spells              Type           Power        Failure   Level
a - Stone Arrow           Conj/Erth      50%          3%          3
b - Passwall              Tmut/Erth      22%          1%          2
c - Sandblast             Erth           88%          1%          1
d - Lee's Rapid Deconstr  Erth           22%          3%          5
e - Petrify               Tmut/Erth      27%          10%         4

Your spell library contained the following spells:

 Spells                   Type           Power        Failure   Level


Dungeon Overview and Level Annotations

Branches:
Dungeon (7/15)             Temple (1/1) D:4

Altars:
Ashenzari
Cheibriados
Dithmenos
Elyvilon
Gozag
Makhleb
Nemelex Xobeh
Okawaru
Qazlal
Ru
Sif Muna
Trog
Uskayaw
Vehumet
Xom
Yredelemnul
Zin
The Shining One

Annotations:
D:6 2 transporters, sahdkjhfkaj's ghost, novice OgBe


Innate Abilities, Weirdness & Mutations

You cannot be hasted, slowed, berserked, paralysed or teleported.
You can dig through walls and to a lower floor.
Your four strong arms can wield two-handed weapons with a shield.
You have a pair of large antennae on your head. (SInv)


Message History

The stone arrow misses the killer bee.
The killer bee stings you but does no damage.
The killer bee barely misses you. The killer bee completely misses you.
Unknown command.
Unknown command.
Unknown command.
The killer bee barely misses you. The killer bee closely misses you. x2
The killer bee stings you.
You are poisoned.
The killer bee poisons you! The killer bee stings you. x2
You climb upwards.
Level annotation: 2 transporters, sahdkjhfkaj's ghost, novice OgBe You feel sick.
There is a stone staircase leading down here.
Unknown command.
Unknown command.
Unknown command.
Okay, then.
You closely miss the killer bee.
You feel sick. The killer bee stings you.
* * * LOW HITPOINT WARNING * * *
The killer bee closely misses you. The killer bee stings you!
* * * LOW HITPOINT WARNING * * *
The killer bee misses you. The killer bee stings you!
* * * LOW HITPOINT WARNING * * *
You are more poisoned.
The killer bee poisons you! The killer bee misses you.
Unknown command.
Unknown command.
You feel sick. The killer bee misses you. The killer bee barely misses you.
The killer bee stings you.
* * * LOW HITPOINT WARNING * * *
The killer bee stings you.
* * * LOW HITPOINT WARNING * * *
You feel sick. The killer bee closely misses you. The killer bee stings you!
* * * LOW HITPOINT WARNING * * *
The killer bee barely misses you. x2
Unknown command.
* * * LOW HITPOINT WARNING * * *
You feel sick. The killer bee stings you!
You die...

#......######
#.)...##©....
#.....#8.....
#.....#W.....
########'..#Z.....
#....##...©#o...©.
#########..........#......
#.......##y........#O.....
#........@y.>......#8(....
#.......##y..##....##.....
#.......##...##.....######
#.......##................
######'###........#######.
#.................##...##.
#.......##'####...##......
#.......##...###'###......
#............#<.......†...


You could see 3 killer bees.

Vanquished Creatures
  Eustachio (D:4)
  A black bear (D:6)
  2 ogres
  A centaur (D:6)
  A kobold brigand (D:6)
  A bullfrog (D:6)
  A scorpion (D:6)
  3 killer bees (D:6)
  A jelly (D:5)
  An orc priest (D:5)
  2 hounds
  Jessica (D:2)
  2 centaur skeletons (D:5)
  3 iguanas
  4 worker ants
  3 orc wizards
  A hound zombie (D:5)
  6 adders
  3 gnolls (D:6)
  A shadow imp (D:6)
  An ooze (D:1)
  An adder skeleton (D:4)
  A worm (D:3)
  2 dart slugs
  3 leopard geckos
  12 orcs
  A ball python (D:1)
  7 giant cockroaches
  10 goblins
  3 hobgoblins
  3 jackals (D:4)
  13 kobolds
  6 bats
  3 frilled lizards
  A jackal skeleton (D:7)
  A leopard gecko skeleton (D:5)
  2 quokka skeletons
  4 rats
113 creatures vanquished.

Notes
Turn   | Place    | Note
-------+----------+-------------------------------------------
     0 | D:1      | lunkers the Formicid Earth Elementalist began the quest for
                  | the Orb.
     0 | D:1      | Reached XP level 1. HP: 13/13 MP: 3/3
   134 | D:1      | Reached skill level 4 in Earth Magic
   134 | D:1      | Reached XP level 2. HP: 19/19 MP: 1/5
   712 | D:1      | Reached XP level 3. HP: 24/24 MP: 3/6
  1133 | D:2      | Noticed Jessica
  1135 | D:2      | Killed Jessica
  1136 | D:2      | Reached skill level 5 in Earth Magic
  1136 | D:2      | Reached XP level 4. HP: 30/30 MP: 5/8
  1623 | D:2      | Found a sparkling altar of Nemelex Xobeh.
  2810 | D:3      | Reached XP level 5. HP: 35/35 MP: 7/9
  2904 | D:3      | Learned a level 2 spell: Passwall
  2914 | D:3      | Learned a level 3 spell: Stone Arrow
  2940 | D:3      | Found a radiant altar of Vehumet.
  3008 | D:4      | Reached skill level 6 in Earth Magic
  3147 | D:4      | Noticed an ogre
  3155 | D:4      | Killed an ogre
  3156 | D:4      | Reached XP level 6. HP: 12/41 MP: 6/11
  3409 | D:4      | Reached skill level 7 in Earth Magic
  3543 | D:4      | Found a staircase to the Ecumenical Temple.
  3555 | Temple   | Entered the Ecumenical Temple
  3718 | Temple   | Became a worshipper of Ashenzari the Shackled
  3918 | D:4      | Noticed Eustachio
  3939 | D:4      | Killed Eustachio
  3940 | D:4      | Reached XP level 7. HP: 37/46 MP: 2/13
  4292 | D:5      | Entered Level 5 of the Dungeon
  4295 | D:5      | Reached skill level 8 in Earth Magic
  4412 | D:5      | Reached skill level 5 in Spellcasting
  4572 | D:5      | Reached XP level 8. HP: 52/52 MP: 5/15
  4681 | D:5      | Reached skill level 9 in Earth Magic
  4988 | D:5      | Learned a level 5 spell: Lee's Rapid Deconstruction
  5202 | D:5      | Learned a level 4 spell: Petrify
  6360 | D:6      | Reached skill level 10 in Earth Magic
  6626 | D:6      | Found a transporter.
  6629 | D:6      | Found a transporter.
  6634 | D:6      | Noticed sahdkjhfkaj's ghost (novice OgBe)
  7079 | D:6      | Reached XP level 9. HP: 21/57 MP: 6/18
  7375 | D:6      | HP: 2/57 [killer bee (8)]
  7693 | D:6      | Slain by a killer bee

Illustrated notes

Levels and vault maps discovered:
D:1:      onia_arrival_mini_spirals, layout_basic, minmay_pentomino_q4
D:2:      layout_rooms, nicolae_overflow_hidden_temple, st_stairs_6,
          chequers_serial_rivers_marsh, uniq_jessica
D:3:      layout_basic, lemuel_coloured_pillars_altar
D:4:      layout_rooms, minmay_temple_entry_waves, uniq_eustachio
D:5:      layout_cave_pools
D:6:      layout_gridville, gammafunk_ghost_arena
D:7:      minmay_skewed_foursquare, layout_cave_pools,
          nicolae_ru_the_path_less_chosen, uniq_maggie, uniq_joseph, uniq_harold
Temple:   nicolae_temple_elliptical

Skill      XL: |  1  2  3  4  5  6  7  8 |
---------------+-------------------------+-----
Earth Magic    | 4 5 6 7 8 10 | 10.8
Spellcasting   | 3 4 5 6 |  6.4
Dodging        | |  1.7
Stealth        | |  2.4
Transmutations | |  1.1

Action                   |  1- 3 |  4- 6 |  7- 9 || total
-------------------------+-------+-------+-------++-------
Melee: Unarmed           |     4 |       |       ||     4
       Dagger            |       |       |    14 ||    14
 Cast: Sandblast         |    36 |    86 |    28 ||   150
       Stone Arrow       |       |       |    68 ||    68
Invok: Curse Item        |       |     1 |       ||     1
  Use: Potion            |       |       |     1 ||     1
Armor: Robe              |     5 |     2 |     7 ||    14
Dodge: Dodged            |     5 |    15 |    46 ||    66

Table legend: (Time is in decaauts)
 A = Elapsed time spent in this place.
 B = Non-inter-level travel time spent in this place.
 C = Inter-level travel time spent in this place.
 D = Time resting spent in this place.
 E = Time spent auto-exploring this place.
 F = Levels seen in this place.
 G = Mean time per level.
                   A        B        C        D        E       F      G
               +--------+--------+--------+--------+--------+-----+--------+
         Total |   7705 |   7302 |    403 |   1641 |   4836 |   8 |  963.1 |
       Dungeon |   7518 |   7158 |    360 |   1641 |   4695 |   7 | 1074.0 |
        Temple |    186 |    143 |     43 |      0 |    141 |   1 |  186.0 |
               +--------+--------+--------+--------+--------+-----+--------+

Top non-repeatable levels by time:
     D:5: 1718 daAuts
     D:6: 1564 daAuts
     D:3: 1253 daAuts
     D:1: 1089 daAuts
     D:4: 1000 daAuts
     D:2: 848 daAuts
  Temple: 186 daAuts
     D:7: 43 daAuts
